 Dungeon Crawl Stone Soup version 0.29-a0-11-ga75d3d97ab (webtiles) character file.

Game seed: 11737688623881897791

637 robertstho the Thaumaturge (level 7, -8/39 HPs)
             Began as a Deep Elf Earth Elementalist on Jan 28, 2022.
             Mangled by a gnoll sergeant (13 damage)
             ... on level 4 of the Dungeon.
             The game lasted 00:08:00 (4480 turns).

robertstho the Thaumaturge (DEEE)                   Turns: 4480, Time: 00:08:00

Health: -8/39      AC:  6    Str:  5    XL:     7   Next: 25%
Magic:  2/20       EV: 13    Int: 22    God:
Gold:   90         SH:  0    Dex: 15    Spells: 7/22 levels left

rFire   . . .      SeeInvis .   k - +0 dagger
rCold   . . .      Faith    .   (no shield)
rNeg    . . .      Spirit   .   b - +0 robe
rPois   .          Reflect  .   s - +0 helmet
rElec   .          Harm     .   (no cloak)
rCorr   .          Rampage  .   q - +2 pair of gloves
Will    .....                   (no boots)
Stlth   ++........              (no amulet)
HPRegen 0.13/turn               (no ring)
MPRegen 0.17/turn               (no ring)

@: very slightly contaminated
A: no striking features
a: no special abilities


You were on level 4 of the Dungeon.
You visited 1 branch of the dungeon, and saw 4 of its levels.

You collected 126 gold pieces.
You spent 36 gold pieces at shops.

Inventory:

Hand Weapons
 k - a +0 dagger (weapon)
Missiles
 c - 25 stones
Armour
 b - a +0 robe (worn)
 q - a +2 pair of gloves (worn)
 s - a +0 helmet (worn)
Jewellery
 h - a +6 ring of dexterity
Scrolls
 d - 4 scrolls of identify {unknown}
 f - a scroll of brand weapon {unknown}
 i - a scroll of noise {unknown}
 j - a scroll of immolation {unknown}
 l - a scroll of enchant weapon {unknown}
 o - 2 scrolls of teleportation {unknown}
 p - a scroll of blinking {unknown}
 u - 2 scrolls of acquirement {unknown}
Potions
 a - 4 potions of curing
 e - 2 potions of might {unknown}
 g - 2 potions of invisibility {unknown}
 m - a potion of brilliance {unknown}
 n - 3 potions of degeneration {unknown}
 r - a potion of flight {unknown}
 t - 2 potions of lignification {unknown}


   Skills:
 * Level 1.8 Fighting
 + Level 3.0 Dodging
 + Level 3.4 Stealth
 * Level 8.0 Spellcasting
 + Level 1.4 Conjurations
 + Level 1.1 Transmutations
 + Level 5.2 Earth Magic


You had 7 spell levels left.
You knew the following spells:

 Your Spells              Type           Power      Damage    Failure   Level
a - Sandblast             Erth           62%        2d14      1%          1
b - Passwall              Tmut/Erth      18%        N/A       3%          2
c - Stone Arrow           Conj/Erth      46%        3d9       5%          3
d - Petrify               Tmut/Erth      22%        N/A       21%         4
e - Lee's Rapid Deconstr  Erth           15%        3d11*     24%         5

Your spell library contained the following spells:

 Spells                   Type           Power      Damage    Failure   Level
 Shock                    Conj/Air       44%        1d5       5%          1
 Animate Skeleton         Necr           16%        N/A       8%          1
 Apportation              Tloc           16%        N/A       8%          1
 Slow                     Hex            32%        N/A       8%          1
 Summon Small Mammal      Summ           32%        N/A       8%          1
 Corpse Rot               Necr/Air       16%        N/A       11%         2
 Poisonous Vapours        Pois/Air       16%        N/A       11%         2
 Confusing Touch          Hex            8%         N/A       22%         3
 Swiftness                Air            8%         N/A       22%         3
 Vampiric Draining        Necr           8%         2d6       22%         3
 Animate Armour           Summ/Erth      40%        N/A       26%         4
 Leda's Liquefaction      Hex/Erth       10%        N/A       26%         4
 Airstrike                Air            4%         N/A       58%         4
 Statue Form              Tmut/Erth      14%        N/A       97%         6


Dungeon Overview and Level Annotations

Branches:
Dungeon (4/15)
 Temple: D:4-7

Altars:
Hepliaklqana
Trog

Shops:
D:1 *   D:2 !


Message History

Confirm with . or Enter, or press ? or * to list all spells.
Aiming: Stone Arrow (dangerous; 5% risk of failure)
Press: ? - help, Shift-Dir - straight line, f/p - gnoll sergeant
Aim: a gnoll sergeant, wielding a +7 flail, wearing a +0 chain mail and wearing a +0 kite shield (86% to hit)
The gnoll sergeant blocks the stone arrow.
Unknown command.
Casting: Stone Arrow (dangerous; 5% risk of failure)
Confirm with . or Enter, or press ? or * to list all spells.
Aiming: Stone Arrow (dangerous; 5% risk of failure)
Press: ? - help, Shift-Dir - straight line, f/p - gnoll sergeant
Aim: a gnoll sergeant, wielding a +7 flail, wearing a +0 chain mail and wearing a +0 kite shield (86% to hit)
The stone arrow hits the gnoll sergeant!
The gnoll sergeant is heavily wounded.
Unknown command.
Casting: Stone Arrow (dangerous; 5% risk of failure)
Confirm with . or Enter, or press ? or * to list all spells.
Aiming: Stone Arrow (dangerous; 5% risk of failure)
Press: ? - help, Shift-Dir - straight line, f/p - gnoll sergeant
Aim: a gnoll sergeant, wielding a +7 flail, wearing a +0 chain mail and wearing a +0 kite shield (thin mist, heavily wounded, 86% to hit)
The stone arrow hits the gnoll sergeant!
The gnoll sergeant is almost dead.
The gnoll sergeant hits you with a +7 flail!
Aiming: Sandblast (safe; 1% risk of failure)
Press: ? - help, Q - select action, (/) - cycle Shift-Dir - straight line, f/p - gnoll sergeant
Aim: a gnoll sergeant, wielding a +7 flail, wearing a +0 chain mail and wearing a +0 kite shield (thin mist, almost dead, 91% to hit)
The blast of sand hits the gnoll sergeant but does no damage.
The gnoll sergeant is almost dead.
The gnoll sergeant hits you with a +7 flail!
Aiming: Sandblast (safe; 1% risk of failure)
Press: ? - help, Q - select action, (/) - cycle Shift-Dir - straight line, f/p - gnoll sergeant
Aim: a gnoll sergeant, wielding a +7 flail, wearing a +0 chain mail and wearing a +0 kite shield (thin mist, almost dead, 91% to hit)
You miscast Sandblast.
Nothing appears to happen.
The gnoll sergeant hits you with a +7 flail!
* * * LOW HITPOINT WARNING * * *
Aiming: Sandblast (safe; 1% risk of failure)
Press: ? - help, Q - select action, (/) - cycle Shift-Dir - straight line, f/p - gnoll sergeant
Aim: a gnoll sergeant, wielding a +7 flail, wearing a +0 chain mail and wearing a +0 kite shield (thin mist, almost dead, 91% to hit)
The gnoll sergeant blocks the blast of sand.
The gnoll sergeant hits you with a +7 flail!
You die...

###########
##########..........
##...................
#.§§§.#####..#####.##
#§.§§§# ####.###.##
##§§§## #........ #§§§#
#........ #§§@# #........
#§§g# ######..##..> #§§§#
##...######... #.§§#
#.....'...#... #§§§#
###...#...#.).
#...§§§§§...##.#######).
###._.§§#§.._.##.###.###'#
#.#...........#...........
#.#####...#####...........


You could see a gnoll sergeant.

Vanquished Creatures
  Menkaure (D:4)
  A water moccasin zombie (D:4)
  A scorpion (D:4)
  A bullfrog zombie (D:4)
  A centaur zombie (D:4)
  2 hounds
  An iguana (D:4)
  4 scorpion zombies (D:4)
  A hound zombie (D:4)
  A hound skeleton (D:4)
  2 adders
  An ufetubus (D:2)
  2 adder zombies (D:4)
  A worm (D:3)
  2 dart slugs
  7 orcs
  7 endoplasms
  5 giant cockroaches
  6 goblins
  8 hobgoblins
  3 jackals (D:1)
  A quokka (D:3)
  A ball python (D:2)
  5 bats
  4 frilled lizards
  7 kobolds
  A quokka zombie (D:4)
  2 rats
79 creatures vanquished.

Vanquished Creatures (others)
  4 withered plants (D:4)
4 creatures vanquished.

Grand Total: 83 creatures vanquished

Notes
Turn   | Place    | Note
-------+----------+-------------------------------------------
     0 | D:1      | robertstho the Deep Elf Earth Elementalist began the quest
                  | for the Orb.
     0 | D:1      | Reached XP level 1. HP: 10/10 MP: 6/6
    99 | D:1      | Reached XP level 2. HP: 15/15 MP: 5/8
   262 | D:1      | Found Ururgheal's General Store.
  1080 | D:2      | Found a faded altar of an unknown god.
  1099 | D:2      | Reached XP level 3. HP: 19/19 MP: 7/10
  1325 | D:2      | Reached skill level 4 in Spellcasting
  1621 | D:2      | Found Yshezet's Distillery.
  1629 | D:2      | Bought a potion of curing for 36 gold pieces
  1993 | D:3      | Found a bloodstained altar of Trog.
  2599 | D:3      | Learned a level 2 spell: Passwall
  2603 | D:3      | Learned a level 3 spell: Stone Arrow
  2658 | D:4      | Reached XP level 4. HP: 24/24 MP: 7/12
  2909 | D:4      | Reached skill level 5 in Spellcasting
  2959 | D:4      | Noticed a scorpion
  2962 | D:4      | Killed a scorpion
  2963 | D:4      | Reached XP level 5. HP: 28/28 MP: 11/15
  3212 | D:4      | Reached skill level 6 in Spellcasting
  3433 | D:4      | Reached skill level 7 in Spellcasting
  3433 | D:4      | Reached XP level 6. HP: 27/33 MP: 0/18
  3579 | D:4      | Reached skill level 1 in Fighting
  3656 | D:4      | Noticed Menkaure
  3661 | D:4      | Killed Menkaure
  3662 | D:4      | Reached skill level 1 in Conjurations
  3741 | D:4      | Got the Guide on Shape Shifting and the Rocks
  3749 | D:4      | Learned a level 4 spell: Petrify
  3755 | D:4      | Learned a level 5 spell: Lee's Rapid Deconstruction
  3829 | D:3      | Reached skill level 5 in Earth Magic
  3829 | D:3      | Reached XP level 7. HP: 33/38 MP: 1/20
  4128 | D:4      | Reached skill level 8 in Spellcasting
  4466 | D:4      | Found a hazy altar of Hepliaklqana.
  4468 | D:4      | Found a faded altar of an unknown god.
  4480 | D:4      | Mangled by a gnoll sergeant

Illustrated notes

Levels and vault maps discovered:
D:1:      roderic_dead_forest, layout_basic, serial_shops, nicolae_shop_crystal
D:2:      layout_basic, dreamdust_ecumenical_altar_grove, serial_shops,
          nicolae_shop_advertising_works [nicolae_subvault_shop_adworks],
          dk_noncrumbling_3, hex_intersection
D:3:      layout_loops_cross, trog_butcher_becter
D:4:      layout_gridville, beargit_hepliaklqana_dungeon_heroes, serial_undead,
          serial_undead_d, serial_undead_c, serial_undead_b, serial_undead_c,
          uniq_menkaure

Skill      XL: |  1  2  3  4  5  6  7 |
---------------+----------------------+-----
Stealth        | 3 |  3.4
Earth Magic    | 4 5 |  5.2
Spellcasting   | 4 5 7 8 |  8.0
Fighting       | 1 |  1.8
Conjurations   | 1 |  1.4
Dodging        | 3 |  3.0
Transmutations | |  1.1

Action                   |  1- 3 |  4- 6 |  7- 9 || total
-------------------------+-------+-------+-------++-------
Melee: Dagger            |     1 |     4 |     5 ||    10
       Unarmed           |     1 |       |       ||     1
 Cast: Sandblast         |    54 |    20 |     2 ||    76
       Stone Arrow       |     1 |    34 |    21 ||    56
       Petrify           |       |       |     1 ||     1
 Stab: Sleeping          |     1 |       |       ||     1
Armor: Robe              |     3 |     9 |    16 ||    28
Dodge: Dodged            |     8 |    21 |    11 ||    40

Table legend: (Time is in decaauts)
 A = Elapsed time spent in this place.
 B = Non-inter-level travel time spent in this place.
 C = Inter-level travel time spent in this place.
 D = Time resting spent in this place.
 E = Time spent auto-exploring this place.
 F = Levels seen in this place.
 G = Mean time per level.
                   A        B        C        D        E       F      G
               +--------+--------+--------+--------+--------+-----+--------+
         Total |   4483 |   4180 |    303 |    701 |   2975 |   4 | 1120.8 |
       Dungeon |   4483 |   4180 |    303 |    701 |   2975 |   4 | 1120.8 |
               +--------+--------+--------+--------+--------+-----+--------+

Top non-repeatable levels by time:
     D:3: 1472 daAuts
     D:4: 1233 daAuts
     D:1: 1005 daAuts
     D:2: 773 daAuts
